[Event "Sabato rapido!"]
[Site "Chess.com"]
[Date "2020.05.30"]
[Round "1"]
[White "Mrtre7"]
[Black "fausto2p"]
[Result "1-0"]
[WhiteElo "1460"]
[BlackElo "1186"]
[TimeControl "720+3"]
[EndTime "6:06:37 PDT"]
[Termination "Mrtre7 ha vinto per scaccomatto"]

1. d4 d5 2. c4 c6 3. Nf3 Nf6 4. e3 e6 5. Bd3 dxc4 6. Bxc4 b5 7. Bd3 Nbd7 8. Nc3 Bb4 9. O-O Bxc3 10. bxc3 O-O 11. e4 Nb6 12. Qc2 h6 13. e5 Nfd5 14. Re1 a5 15. Re4 b4 16. c4 Nc3 17. Rg4 Ba6 18.
Bxh6 Kh8 19. Bxg7+ Kg8 20. Bh7# 1-0

[Event "Sabato rapido!"]
[Site "Chess.com"]
[Date "2020.05.30"]
[Round "1"]
[White "sergiodone"]
[Black "Carbon"]
[Result "0-1"]
[WhiteElo "1445"]
[BlackElo "1761"]
[TimeControl "720+3"]
[EndTime "6:15:38 PDT"]
[Termination "Carbon ha vinto per abbandono"]

1. e4 e6 2. d4 d5 3. Nd2 Nf6 4. Bd3 c5 5. c3 cxd4 6. cxd4 dxe4 7. Nxe4 Nc6 8. Be3 Nxe4 9. Bxe4 Bb4+ 10. Kf1 O-O 11. Ne2 Ne7 12. g3 Nd5 13. Kg2 Bd7 14.
a3 Be7 15. Nc3 Bc6 16. Nxd5 Bxd5 17. Bxd5 Qxd5+ 18. Qf3 Rfd8 19. Qxd5 Rxd5 20. b4 Bf6 21. Rhd1 Rad8 22. Rac1 h6 23. Rc7 R5d7 24. Rdc1 Kf8 25. a4 Ke7 26. b5 Rxc7 27. Rxc7+ Rd7 28. Rc4 Kd8 29. Kf3 Rc7 30. Rxc7 Kxc7 31. Ke4 Kd6 32. Kd3 Kd5 33. h4 h5 34. Kc3 g6 35. Kb4 Bxd4 36.
a5 Bxe3 37. fxe3 Ke4 38. a6 b6 39. Kc4 Kxe3 40. Kc3 f6 41. Kc4 g5 42. Kc3 gxh4 43.
gxh4 f5 0-1

[Event "Sabato rapido!"]
[Site "Chess.com"]
[Date "2020.05.30"]
[Round "1"]
[White "pedrak"]
[Black "malberici"]
[Result "1-0"]
[WhiteElo "1692"]
[BlackElo "1389"]
[TimeControl "720+3"]
[EndTime "6:16:51 PDT"]
[Termination "pedrak ha vinto per abbandono"]

1. d4 Nf6 2. Nf3 g6 3. Bf4 Bg7 4. h3 O-O 5. e3 d6 6. Be2 c5 7. c3 Nc6 8. O-O cxd4 9. exd4 Nd5 10. Bg3 e6 11. Re1 Qb6 12. Qb3 Qxb3 13. axb3 a6 14.
Bxd6 Rd8 15. Bg3 b5 16. b4 Bb7 17. Nbd2 Nb6 18. Nb3 Nc4 19. Bxc4 bxc4 20. Nc5 Rab8 21.
Bxb8 Rxb8 22. Nxb7 Rxb7 23. Rxa6 Rc7 24. Rea1 Bf8 25.
Ra8 Kg7 26. R8a6 h6 27. Rb6 Ne7 28. Raa6 Nf5 29. Rc6 Rb7 30. Rxc4 Bd6 31. g3 Bb8 32. Rc8 Nd6 33. Rd8 Nc4 34. b3 Nb2 35. Rc8 Nd1 36. Kf1 Bc7 37. Rc6 Bb6 38. Ra8 Nb2 39. Ke2 Bc7 40. Ra2 1-0

[Event "Sabato rapido!"]
[Site "Chess.com"]
[Date "2020.05.30"]
[Round "1"]
[White "caramante"]
[Black "SanSecondoPR"]
[Result "1-0"]
[WhiteElo "1549"]
[BlackElo "1314"]
[TimeControl "720+3"]
[EndTime "6:17:07 PDT"]
[Termination "caramante ha vinto per scaccomatto"]

1. Nf3 Nc6 2. d4 d5 3. c3 Nf6 4.
g3 Bg4 5. Bg2 e6 6. O-O Be7 7.
Bg5 Qd7 8. Nbd2 h6 9. Bxf6 gxf6 10. Qb3 Na5 11. Qc2 Bf5 12. e4 Bh7 13. b4 Nc4 14. Nxc4 dxc4 15. Qe2 b5 16. Rad1 c6 17. Rfe1 O-O-O 18. Bh3 Qc7 19. d5 Kb8 20. dxe6 fxe6 21. Bxe6 h5 22.
Nd4 h4 23. Nf5 hxg3 24. fxg3 Bxf5 25. Bxf5 Rdg8 26. Qf3 Bd6 27. Kg2 Be5 28. Rd7 Qb6 29.
Qe3 Bxc3 30. Qxc3 Rxh2+ 31. Kxh2 Qf2+ 32. Kh1 Rh8+ 33. Rh7 Rd8 34. Qe3 Qb2 35. Qxa7# 1-0

[Event "Sabato rapido!"]
[Site "Chess.com"]
[Date "2020.05.30"]
[Round "1"]
[White "sirmale49"]
[Black "crippo"]
[Result "0-1"]
[WhiteElo "1374"]
[BlackElo "1563"]
[TimeControl "720+3"]
[EndTime "6:20:30 PDT"]
[Termination "crippo ha vinto per tempo"]

1. f4 e6 2. Nf3 d5 3. g3 c5 4.
Bg2 Nf6 5. d3 Nc6 6. O-O Bd6 7.
Nc3 g5 8. e3 d4 9. Ne4 Nxe4 10. dxe4 gxf4 11. exf4 Bd7 12. Ng5 h6 13. Nh3 Qe7 14. e5 Bc7 15. a3 O-O-O 16. Nf2 h5 17. Nd3 h4 18. g4 h3 19. Be4 Rdg8 20. Bd2 Rh4 21. Nf2 c4 22. Qf3 f5 23. Bb4 fxg4 24.
Qg3 Qd8 25. Bc5 Bb6 26. Bxb6 axb6 27. Kh1 d3 28. cxd3 cxd3 29. Rad1 Nd4 30. Rxd3 Nf5 31. Rc1+ Kb8 32. Bxf5 exf5 33. Rcd1 Bc6+ 34. Kg1 Qe7 35. Rd6 Rh7 0-1

[Event "Sabato rapido!"]
[Site "Chess.com"]
[Date "2020.05.30"]
[Round "1"]
[White "OMatteoWuO"]
[Black "APipitone"]
[Result "1-0"]
[WhiteElo "1227"]
[BlackElo "1454"]
[TimeControl "720+3"]
[EndTime "6:28:57 PDT"]
[Termination "OMatteoWuO ha vinto per tempo"]

1. d4 Nf6 2. c4 c5 3. d5 e6 4. Nc3 exd5 5. cxd5 d6 6. Nf3 g6 7. e4 Nbd7 8. Be2 a6 9. a4 Bg7 10. O-O O-O 11. Be3 Re8 12. Bd3 Ne5 13. Nxe5 Rxe5 14. Qd2 Bd7 15. Bf4 Nh5 16. Bxe5 Bxe5 17. f4 Bd4+ 18.
Kh1 Qh4 19. Rf3 Bg4 20. Ne2 Bxf3 21. gxf3 Bf2 22. Kg2 Re8 23. Rf1 Bd4 24. Nxd4 Nxf4+ 25. Kh1 cxd4 26. Rg1 h5 27. b4 Re5 28. b5 axb5 29. Bxb5 Nh3 30. Rg3 g5 31. Bd7 Nf4 32. Bf5 Re8 33.
a5 Ra8 34. Qxd4 Rxa5 35. Qd2 Ra1+ 36. Rg1 Rxg1+ 37. Kxg1 Nh3+ 38. Bxh3 Qxh3 39. Qxg5+ Kf8 40. Qd8+ Kg7 41. Qg5+ Kf8 42. Qd8+ Kg7 43. Qxd6 Qc8 44. Qg3+ Kh7 45. d6 Qc1+ 46. Kg2 Qd2+ 47. Kh3 b5 48.
Qe5 b4 49. Qxh5+ Kg8 50. Qg4+ Kf8 51. Qc8+ Kg7 52. d7 b3 53. d8=Q Qh6+ 54. Qh4 1-0

[Event "Sabato rapido!"]
[Site "Chess.com"]
[Date "2020.05.30"]
[Round "2"]
[White "Mrtre7"]
[Black "pedrak"]
[Result "0-1"]
[WhiteElo "1456"]
[BlackElo "1695"]
[TimeControl "720+3"]
[EndTime "6:42:05 PDT"]
[Termination "pedrak ha vinto per abbandono"]

1. d4 e6 2. c4 f5 3. Nc3 Nf6 4. Bg5 Be7 5. e4 Nxe4 6. Bxe7 Qxe7 7. Nxe4 fxe4 8. Qh5+ Qf7 9. Qe5 O-O 10. f3 exf3 11.
Nxf3 d6 12. Qg3 Nc6 13. Bd3 Qf4 14. Qh3 Qe3+ 15. Be2 Nxd4 16. Nxd4 Qf2+ 17. Kd1 Qxd4+ 18. Bd3 g6 19. Qg3 e5 20. Kc2 Bf5 21. Raf1 Qxc4+ 22. Kb1 Qxd3+ 23. Qxd3 0-1

[Event "Sabato rapido!"]
[Site "Chess.com"]
[Date "2020.05.30"]
[Round "2"]
[White "SanSecondoPR"]
[Black "sergiodone"]
[Result "1-0"]
[WhiteElo "1326"]
[BlackElo "1434"]
[TimeControl "720+3"]
[EndTime "6:43:01 PDT"]
[Termination "SanSecondoPR ha vinto per abbandono"]

1. e4 c5 2. Nf3 d6 3. d4 cxd4 4. Nxd4 e6 5. Nc3 Be7 6. Bb5+ Bd7 7. O-O a6 8. Bc4 Qc7 9. Bb3 b5 10. a3 Nf6 11. Qe2 Nc6 12. Nf3 h5 13. Bf4 Ne5 14. Nd2 Rc8 15. h3 Nc4 16. Rab1 Nxd2 17. Qxd2 Bc6 18.
f3 Bb7 19. Rfd1 Rd8 20. Qf2 h4 21. Be3 Rc8 22. Bb6 Qb8 23. a4 b4 24. Na2 d5 25.
a5 Rc6 26. Ba4 Kf8 27. Bxc6 Bxc6 28. Bc5 dxe4 29. Bxe7+ Kxe7 30. Qc5+ Ke8 31. Qxc6+ Kf8 32. Qd6+ Qxd6 33. Rxd6 Ke7 34. Rxa6 exf3 35. Nxb4 Ne4 36.
gxf3 Nd2 37. Rd1 Nxf3+ 38. Kf2 Ne5 39. Nc6+ Nxc6 40. Rxc6 g5 41. Rc7+ Kf6 42. Rdd7 Rh7 43. a6 g4 44. Kg2 gxh3+ 45. Kxh3 Rg7 46. a7 Rg3+ 47. Kxh4 Rg2 48. a8=Q Rh2+ 49. Kg3 Rh7 50. Qf3+ 1-0

[Event "Sabato rapido!"]
[Site "Chess.com"]
[Date "2020.05.30"]
[Round "2"]
[White "Carbon"]
[Black "caramante"]
[Result "1-0"]
[WhiteElo "1765"]
[BlackElo "1543"]
[TimeControl "720+3"]
[EndTime "6:44:46 PDT"]
[Termination "Carbon ha vinto per scaccomatto"]

1. e4 c5 2. Nf3 d6 3. c3 Nf6 4. h3 Bd7 5. Bd3 a6 6. O-O e6 7. Bc2 Be7 8. d4 Qc7 9. Re1 O-O 10. Bf4 b6 11. Nbd2 Nc6 12. Rc1 Rac8 13. a3 g6 14. Nf1 Nh5 15. Bh6 Rfd8 16. Qd2 Bf8 17. N1h2 Ng7 18.
Ng4 f5 19. Nf6+ Kh8 20. exf5 exf5 21. Ng5 Be8 22. Nfxh7 Bf7 23. Nxf7+ Qxf7 24. Ng5 Qf6 25. Bxg7+ Bxg7 26. Re6 Qf8 27. Rxg6 cxd4 28. Qf4 Ne5 29.
Qh4+ Kg8 30. Qh7# 1-0

[Event "Sabato rapido!"]
[Site "Chess.com"]
[Date "2020.05.30"]
[Round "2"]
[White "malberici"]
[Black "fausto2p"]
[Result "1/2-1/2"]
[WhiteElo "1381"]
[BlackElo "1191"]
[TimeControl "720+3"]
[EndTime "6:44:46 PDT"]
[Termination "Partita patta per ripetizione di mosse"]

1. d4 d5 2. c4 c6 3. Nf3 Nf6 4. e3 a6 5. Nc3 dxc4 6. Bxc4 b5 7.
Bb3 e6 8. O-O Be7 9. a3 O-O 10.
Bc2 Bb7 11. h3 c5 12. dxc5 Bxc5 13. Qe2 Qc7 14. b4 Be7 15. Bb2 Nbd7 16. Rac1 Nb6 17.
Nxb5 Qb8 18. Qd3 Be4 19. Qd4 Bxc2 20. Rxc2 axb5 21. Rfc1 Nc4 22. Ba1 Rd8 23. Qh4 h6 24. Nd4 Nd5 25. Qg4 Nf6 26. Qh4 Nd5 27. Qg4 Nf6 28.
Qh4 1/2-1/2

[Event "Sabato rapido!"]
[Site "Chess.com"]
[Date "2020.05.30"]
[Round "2"]
[White "crippo"]
[Black "OMatteoWuO"]
[Result "1-0"]
[WhiteElo "1566"]
[BlackElo "1224"]
[TimeControl "720+3"]
[EndTime "6:46:35 PDT"]
[Termination "crippo ha vinto per scaccomatto"]

1. e4 c5 2. Nc3 Nc6 3. Nf3 Nf6 4. Bc4 d6 5. d3 Bg4 6. h3 Bxf3 7. gxf3 e6 8. Bg5 Be7 9. Qd2 Nd4 10. Qd1 a6 11. a4 b5 12. axb5 axb5 13. Nxb5 Rxa1 14. Qxa1 Nxf3+ 15.
Ke2 Nxg5 16. Qa7 O-O 17. h4 d5 18. hxg5 Ng4 19. exd5 exd5 20. Bb3 Bxg5 21. Kf1 Qf6 22. Qxc5 Ne3+ 23. Ke2 Ng4 24. Bxd5 Re8+ 25. Be4 Qxf2+ 26. Qxf2 Nxf2 27. Kxf2 Bf6 28. b3 g6 29. Nc7 Rc8 30. Nd5 Bd4+ 31. Kf3 Rxc2 32. b4 Rf2+ 33. Kg3 f5 34. Bf3 Rd2 35. Rd1 Be5+ 36. Nf4 Rb2 37. Bd5+ Kg7 38. Kf3 Rxb4 39. Ne6+ Kf6 40. d4 Bd6 41.
Nc5 Kg7 42. Ke3 f4+ 43. Kf3 g5 44. Kg4 h6 45. Kf5 Kh7 46. Bf7 Rb5 47. Bg6+ Kg8 48. Rc1 f3 49. Ke6 Bxc5 50. dxc5 f2 51. c6 Rb6 52. Kd7 g4 53. Be4 g3 54. c7 Kg7 55.
c8=Q Rf6 56. Qc3 Kf7 57. Qxg3 f1=Q 58. Rxf1 Rxf1 59. Qg6+ Kf8 60. Qxh6+ Kg8 61. Bh7+ Kf7 62. Qg6+ Kf8 63. Qg8# 1-0

[Event "Sabato rapido!"]
[Site "Chess.com"]
[Date "2020.05.30"]
[Round "2"]
[White "APipitone"]
[Black "sirmale49"]
[Result "1-0"]
[WhiteElo "1484"]
[BlackElo "1368"]
[TimeControl "720+3"]
[EndTime "6:49:28 PDT"]
[Termination "APipitone ha vinto per abbandono"]

1. e4 d5 2. exd5 Qxd5 3. Nc3 Qd6 4. Nf3 c6 5. d4 Bg4 6. Be2 Nf6 7. Be3 Nbd7 8. O-O O-O-O 9. h3 Bh5 10. Qd2 Bxf3 11.
Bxf3 e5 12. Rad1 Nd5 13. Nxd5 cxd5 14. dxe5 Nxe5 15. Bxd5 Nc6 16. Bf4 Qc5 17. c4 Be7 18.
Qd3 Nd4 19. b4 Qb6 20. c5 Qf6 21. Qxd4 Qxd4 22. Rxd4 Bf6 23. Rd3 Rhe8 24. Rfd1 Be5 25. Bxe5 Rxe5 26. Bxb7+ Kxb7 27. Rxd8 Kc6 28. Rc8+ Kb5 29.
Rb8+ Kc6 30. Rd6+ Kc7 31. Rbd8 Re2 32. b5 Re7 33. b6+ axb6 34. cxb6+ Kb7 35. R8d7+ 1-0

[Event "Sabato rapido!"]
[Site "Chess.com"]
[Date "2020.05.30"]
[Round "3"]
[White "fausto2p"]
[Black "sergiodone"]
[Result "0-1"]
[WhiteElo "1187"]
[BlackElo "1437"]
[TimeControl "720+3"]
[EndTime "7:03:53 PDT"]
[Termination "sergiodone ha vinto per scaccomatto"]

1. d4 Nf6 2. c4 c5 3. d5 b5 4. b3 bxc4 5. bxc4 d6 6. e3 Nbd7 7. Nc3 g6 8. Nf3 Bg7 9. Bb2 O-O 10. Be2 Rb8 11. Rb1 Qa5 12. a3 Rxb2 13. Rxb2 Ne4 14. O-O Nxc3 15. Qb3 Nxe2+ 16. Rxe2 Ba6 17. Rc2 Rb8 18.
Qd3 Nb6 19. Nd2 Nd7 20. Nf3 Ne5 21. Nxe5 Bxe5 22. f4 Bf6 23. g4 Bc8 24. h3 Bd7 25.
Kh2 Ba4 26. Rg2 Rb3 27. Qe4 Qc3 28. g5 Bg7 29. Qxe7 Qxe3 30. Qxd6 Qxh3+ 31. Kg1 Bd4+ 32. Rgf2 Qg3+ 33. Kh1 Qh3+ 34. Rh2 Qxf1# 0-1

[Event "Sabato rapido!"]
[Site "Chess.com"]
[Date "2020.05.30"]
[Round "3"]
[White "crippo"]
[Black "Carbon"]
[Result "0-1"]
[WhiteElo "1561"]
[BlackElo "1770"]
[TimeControl "720+3"]
[EndTime "7:04:13 PDT"]
[Termination "Carbon ha vinto per abbandono"]

1. e4 e6 2. d3 d5 3. Nc3 Nf6 4. exd5 exd5 5. Bg5 Be7 6. Nf3 O-O 7. Be2 Bg4 8. O-O Nc6 9. h3 Bh5 10. Nh2 Bg6 11. Re1 Nd4 12. Nf3 Ne6 13. Bh4 c5 14.
Ne5 d4 15. Nxg6 hxg6 16. Nb1 Bd6 17. Nd2 g5 18. Bg3 Bxg3 19. fxg3 Nd5 20. Nc4 b5 21. Ne5 Ne3 22. Qd2 Qd5 23. Nf3 Qd6 24. Kh2 g4 25. Nh4 gxh3 26. gxh3 Ng5 27. Bf3 Qd7 28.
Bg4 Nxg4+ 29. hxg4 Qxg4 30. Qg2 Rae8 31. Rxe8 Rxe8 32.
Rf1 Re2 33. Rf2 Re3 34. Rf4 Qe6 35. Nf5 Re2 36. Rf2 Rxf2 37. Qxf2 g6 38. Nh4 Kg7 39. Kg1 Nh3+ 0-1

[Event "Sabato rapido!"]
[Site "Chess.com"]
[Date "2020.05.30"]
[Round "3"]
[White "pedrak"]
[Black "caramante"]
[Result "0-1"]
[WhiteElo "1684"]
[BlackElo "1560"]
[TimeControl "720+3"]
[EndTime "7:04:38 PDT"]
[Termination "caramante ha vinto per abbandono"]

1. d4 d5 2. Nf3 c6 3. Bf4 Nf6 4. e3 e6 5. Bd3 Be7 6. O-O O-O 7.
Nbd2 h6 8. h3 a6 9. Qe2 Nbd7 10.
c3 Re8 11. e4 dxe4 12. Nxe4 Nxe4 13. Qxe4 Nf6 14. Qe2 Bf8 15. Rad1 Nd5 16. Bc1 Bd6 17.
Ne5 Qf6 18. Qe4 Qf5 19. Qe2 Qf6 20. f4 c5 21. dxc5 Bxc5+ 22. Kh1 Rd8 23. Ng4 Qh4 24.
Kh2 Bd7 25. Qe4 f5 26. Qe5 fxg4 27. c4 g3+ 28. Kh1 Ne3 29. Bxe3 Bxe3 30. Qxe3 e5 31. f5 Bc6 32. Be4 Qxe4 33. Qxe4 Bxe4 34. Rde1 Rd4 35. Re3 Rad8 36. Rxg3 Rd1 37. Rxd1 Rxd1+ 38. Kh2 Bxf5 39. Re3 e4 40. Re2 h5 41. Kg3 g6 42. h4 Rd4 43. b3 Kf7 44. Kf4 Kf6 45. g3 e3+ 46.
Kxe3 Re4+ 47. Kf3 Rxe2 48. Kxe2 Bb1 49. a3 Ba2 50. Kd3 Bxb3 51. Kc3 Ba4 52. Kb4 Bc6 53. Kc5 Kf5 54. Kd4 Kg4 0-1

[Event "Sabato rapido!"]
[Site "Chess.com"]
[Date "2020.05.30"]
[Round "3"]
[White "ottovolante"]
[Black "Mrtre7"]
[Result "0-1"]
[WhiteElo "989"]
[BlackElo "1457"]
[TimeControl "720+3"]
[EndTime "7:05:06 PDT"]
[Termination "Mrtre7 ha vinto per scaccomatto"]

1. e4 c5 2. f4 g6 3. Nc3 Bg7 4. Nf3 e6 5. e5 Nc6 6. d3 Nge7 7. a3 O-O 8. Be3 b6 9. d4 Nf5 10. Bf2 cxd4 11. Nxd4 Ncxd4 12. Bxd4 Bb7 13. Ne2 Rc8 14.
c3 d6 15. Ng3 Nxd4 16. cxd4 dxe5 17. fxe5 Qh4 18. Qe2 Qxd4 19. Rd1 Qxe5 20. Qxe5 Bxe5 21. Rg1 Bxb2 22. a4 Rc2 23. Rb1 Rd8 24. Be2 Bc3+ 25. Kf2 Bd4+ 26. Kf1 Bxg1 27. Kxg1 Rdd2 28. Bf3 Bxf3 29. gxf3 Rxh2 30. Rd1 Rhg2+ 31. Kf1 Rxg3 32. Rd8+ Kg7 33. Rd7 Rxf3+ 34. Ke1 Ra3 35. Rxa7 Ra1# 0-1

[Event "Sabato rapido!"]
[Site "Chess.com"]
[Date "2020.05.30"]
[Round "3"]
[White "SanSecondoPR"]
[Black "APipitone"]
[Result "0-1"]
[WhiteElo "1321"]
[BlackElo "1504"]
[TimeControl "720+3"]
[EndTime "7:10:48 PDT"]
[Termination "APipitone ha vinto per abbandono"]

1. e4 c5 2. Nf3 d6 3. d4 cxd4 4. Nxd4 Nf6 5. Nc3 Nc6 6. Nb3 e6 7. Bg5 Be7 8. Qd2 h6 9. Bh4 g5 10. Bg3 e5 11. O-O-O Be6 12. h4 g4 13. f4 Nh5 14.
Ne2 Nxg3 15. Nxg3 Bxh4 16. Ne2 Be7 17. Kb1 a5 18. f5 Bxb3 19. cxb3 a4 20. b4 Qb6 21. a3 h5 22. Nc3 Nd4 23. Nd5 Qc6 24. Rc1 Nb3 25. Qc2 Nxc1 26. Qxc6+ bxc6 27. Nc7+ Kd7 28. Nxa8 Rxa8 29. Kxc1 Rh8 30. Bc4 f6 31. b3 axb3 32. Bxb3 h4 33. Kd2 Bd8 34. Ke3 Bb6+ 35. Kd3 h3 36. g3 Bf2 37. b5 cxb5 38. Be6+ Kc7 39. Rc1+ Bc5 40. Rb1 h2 41. Rh1 Bxa3 42. Ke3 Bc5+ 43. Ke2 Bg1 44. Kf1 Kb6 45. Bb3 Kc5 46.
Kg2 Kd4 47. Bd5 b4 48. Kf1 Kc3 49. Ke2 b3 50. Kd1 b2 51. Ba2 Rh3 52. Bb1 Rxg3 53.
Bc2 Rg2 54. Bb1 Rd2+ 55. Ke1 g3 56. Bd3 g2 57. Rxh2 Bxh2 0-1

[Event "Sabato rapido!"]
[Site "Chess.com"]
[Date "2020.05.30"]
[Round "3"]
[White "OMatteoWuO"]
[Black "malberici"]
[Result "1-0"]
[WhiteElo "1238"]
[BlackElo "1360"]
[TimeControl "720+3"]
[EndTime "7:14:36 PDT"]
[Termination "OMatteoWuO ha vinto per scaccomatto"]

1. d4 f5 2. c4 Nf6 3. Nc3 e6 4. e3 Be7 5. Nf3 d6 6. Bd3 h6 7.
b3 O-O 8. Bb2 c5 9. d5 e5 10.
Qc2 e4 11. Nxe4 fxe4 12. Bxe4 Nxe4 13. Qxe4 Bf5 14. Qf4 Na6 15. Qg3 Bf6 16. Bxf6 Qxf6 17. O-O Nb4 18. Nh4 Nd3 19. Nxf5 Qxf5 20. f4 Rf6 21. Rad1 Rg6 22. Qf3 Nb4 23. e4 Qf7 24. f5 Rf6 25. g4 Qf8 26. Rd2 g5 27. h3 Re8 28. Re1 Rf7 29. Qg3 Rd7 30. h4 gxh4 31.
Qxh4 Qg7 32. Rg2 Nd3 33. Re3 Ne5 34. g5 Kh7 35. g6+ Kh8 36. f6 Qf8 37. g7+ Rxg7 38. Qxh6+ Rh7 39. Qxf8+ Rxf8 40. Reg3 Rh6 41. a4 Rh4 42. a5 a6 43. Rg7 Rxf6 44. Rg8+ Kh7 45. R2g7+ Kh6 46. Rg3 Nf3+ 47. Kg2 Rh2+ 48. Kf1 Nd2+ 49.
Kg1 Rh4 50. Rh8# 1-0

[Event "Sabato rapido!"]
[Site "Chess.com"]
[Date "2020.05.30"]
[Round "4"]
[White "sirmale49"]
[Black "ottovolante"]
[Result "0-1"]
[WhiteElo "1354"]
[BlackElo "1007"]
[TimeControl "720+3"]
[EndTime "7:20:17 PDT"]
[Termination "ottovolante ha vinto per abbandono"]

1. f4 Nc6 2. Nf3 Nf6 3. g3 h6 4.
Bg2 d5 5. d3 e6 6. O-O Bc5+ 7. e3 Ng4 8. d4 Bd6 9. h3 Nf6 10. Nc3 a6 0-1

[Event "Sabato rapido!"]
[Site "Chess.com"]
[Date "2020.05.30"]
[Round "4"]
[White "caramante"]
[Black "OMatteoWuO"]
[Result "1-0"]
[WhiteElo "1563"]
[BlackElo "1235"]
[TimeControl "720+3"]
[EndTime "7:25:39 PDT"]
[Termination "caramante ha vinto per scaccomatto"]

1. e4 c5 2. Nf3 Nc6 3. d3 Nf6 4. c3 d6 5. g3 Bd7 6. Bg2 e6 7. O-O Be7 8. h3 a6 9. Be3 b5 10. Nbd2 Rc8 11. Rc1 Qc7 12. a3 c4 13.
dxc4 bxc4 14. Nxc4 Nxe4 15. Nb6 Rb8 16. Nxd7 Qxd7 17. Qe2 O-O 18. Nd4 Nxd4 19. Bxd4 Nf6 20. Rfd1 e5 21. Bxe5 Rfe8 22. Bxf6 Bxf6 23. Qc2 g6 24. b4 Rec8 25. c4 Bg7 26. Qe4 Re8 27.
Qf3 f5 28. Qd5+ Kh8 29. Qxd6 Qxd6 30. Rxd6 a5 31. b5 Bb2 32. Rcd1 Bxa3 33. Ra6 Bb4 34. Rd7 Re1+ 35. Kh2 Rc1 36. Bd5 Be1 37. Raa7 Bxf2 38. Rxh7# 1-0

[Event "Sabato rapido!"]
[Site "Chess.com"]
[Date "2020.05.30"]
[Round "4"]
[White "APipitone"]
[Black "crippo"]
[Result "0-1"]
[WhiteElo "1477"]
[BlackElo "1569"]
[TimeControl "720+3"]
[EndTime "7:30:26 PDT"]
[Termination "crippo ha vinto per abbandono"]

1. e4 e5 2. Nf3 Nc6 3. Bb5 d6 4. d4 exd4 5. Nxd4 Bd7 6. Bxc6 bxc6 7. Nc3 g6 8. O-O Bg7 9. Be3 Ne7 10. f4 O-O 11.
Nce2 Rb8 12. b3 c5 13. Nf3 Bc6 14. Ng3 Bxa1 15. Qxa1 Qd7 16. Qf6 Qe6 17. Qh4 f6 18. f5 Qf7 19. fxg6 hxg6 20. Ng5 Qg7 21. Ne6 Qh7 22.
Qxh7+ Kxh7 23. Nxf8+ Rxf8 24. Bg5 Kg7 25. Bd2 Ng8 26. Bc3 Rf7 27. a3 Re7 28. Re1 Kf7 29. Kf2 Nh6 30. h3 Bd7 31. Kf3 Bc6 32. Kf4 g5+ 33. Ke3 f5 34. Kd2 f4 35. Nf5 Nxf5 36. exf5 Rxe1 37. Kxe1 Bxg2 38. Kf2 Bxh3 39. Kf3 Bxf5 40. b4 cxb4 41. axb4 Bxc2 42. Bd4 a6 43.
Ba7 Bf5 44. Bb8 Ke6 45. Bxc7 Ke5 46. Bb8 g4+ 47. Kf2 Be4 48. Ke2 g3 49. Bc7 f3+ 50.
Kf1 Bd3+ 51. Kg1 f2+ 0-1

[Event "Sabato rapido!"]
[Site "Chess.com"]
[Date "2020.05.30"]
[Round "4"]
[White "malberici"]
[Black "SanSecondoPR"]
[Result "0-1"]
[WhiteElo "1344"]
[BlackElo "1330"]
[TimeControl "720+3"]
[EndTime "7:33:14 PDT"]
[Termination "SanSecondoPR ha vinto per abbandono"]

1. d4 d5 2. c4 e5 3. dxe5 d4 4. Qd3 Nc6 5. e3 Nge7 6. exd4 Bf5 7. Qc3 Ng6 8. Bd3 Bb4 9. Bxf5 Bxc3+ 10. Nxc3 Qxd4 11.
Nge2 Qxe5 12. Be4 O-O 13. O-O Nd4 14. Nxd4 Qxd4 15. Be3 Qxc4 16. Rac1 Qa6 17. a3 Ne5 18. Nd5 Rad8 19. Ne7+ Kh8 20. Rxc7 Qf6 21. Nf5 Rd7 22. Rc5 Nd3 23. Rb5 Qe6 24. Ng3 f5 25. Bxf5 Rxf5 26.
Rxf5 h6 27. Bxa7 Rf7 28. Rh5 b6 29. Rb5 Rxa7 30. h3 Rf7 31. Rb3 Qxb3 0-1

[Event "Sabato rapido!"]
[Site "Chess.com"]
[Date "2020.05.30"]
[Round "4"]
[White "Carbon"]
[Black "pedrak"]
[Result "0-1"]
[WhiteElo "1759"]
[BlackElo "1694"]
[TimeControl "720+3"]
[EndTime "7:34:51 PDT"]
[Termination "pedrak ha vinto per abbandono"]

1. e4 d6 2. d4 e5 3. Nf3 exd4 4.
Nxd4 Nf6 5. Nc3 Be7 6. Be2 O-O 7. Be3 a6 8. O-O b5 9. Bf3 Bb7 10. Nf5 Re8 11. Bg5 h6 12. Bh4 Nbd7 13. Re1 Ne5 14. Nxe7+ Qxe7 15. Be2 Ng6 16. Bxf6 Qxf6 17. Qd2 Bxe4 18.
Nxe4 Rxe4 19. Bf3 Rxe1+ 20. Rxe1 Rd8 21. b3 Ne5 22. Be4 d5 23. Bd3 Nxd3 24. Qxd3 c5 25.
a4 bxa4 26. bxa4 c4 27. Qa3 d4 28. Qc5 c3 29. g3 Qg6 30. Re2 d3 31. cxd3 Qxd3 32.
Qe3 Qxe3 33. fxe3 Rd2 34. Kf2 c2 0-1

[Event "Sabato rapido!"]
[Site "Chess.com"]
[Date "2020.05.30"]
[Round "4"]
[White "sergiodone"]
[Black "Mrtre7"]
[Result "0-1"]
[WhiteElo "1429"]
[BlackElo "1465"]
[TimeControl "720+3"]
[EndTime "7:35:57 PDT"]
[Termination "Mrtre7 ha vinto per abbandono"]

1. e4 c5 2. Nf3 g6 3. c3 d5 4. exd5 Qxd5 5. d4 Nc6 6. Be2 Bg7 7. c4 Qd8 8. d5 Nd4 9. Nxd4 cxd4 10. O-O e5 11.
Bf3 Ne7 12. Nd2 O-O 13. g3 f5 14. Bg2 e4 15. Qb3 Qb6 16. c5 Qxc5 17. d6+ Nd5 18.
d7 Bxd7 19. Qxb7 Bc6 20. Qa6 Nb4 21. Qa3 a5 22. Qb3+ Bd5 23. Qd1 d3 24. b3 Bxa1 25. Nc4 Bxc4 26. bxc4 Nc2 27. Bh6 Rfd8 28. Qd2 Bd4 29. h4 Ne3 30. fxe3 Bg7 31. Bg5 Rdc8 32. Rc1 Qb4 33. Qd1 Rxc4 34. h5 Rac8 35. Rxc4 Qxc4 36.
Kh2 Qc2 37. Qf1 d2 38. Qa6 Re8 39. hxg6 d1=Q 40. gxh7+ Kxh7 41. Bh4 Qde2 0-1

[Event "Sabato rapido!"]
[Site "Chess.com"]
[Date "2020.05.30"]
[Round "5"]
[White "pedrak"]
[Black "crippo"]
[Result "1-0"]
[WhiteElo "1699"]
[BlackElo "1563"]
[TimeControl "720+3"]
[EndTime "7:40:53 PDT"]
[Termination "pedrak ha vinto per scaccomatto"]

1. d4 d5 2. Nf3 Nf6 3. Bf4 e6 4. e3 Ne4 5. Ne5 c6 6. f3 Nf6 7. Bd3 Bd6 8. O-O Nh5 9. Bg3 Nxg3 10. hxg3 Nd7 11. f4 Qc7 12. c3 Nf6 13. Nd2 Bd7 14.
Qf3 h5 15. b4 Bxe5 16. fxe5 Ng4 17. Qxf7+ Kd8 18. Qxg7 Rh6 19. Rf8+ Be8 20. Rxe8+ Kxe8 21. Qxc7 Nxe3 22. Qxb7 Rh7 23. Bxh7 Nxg2 24. Kxg2 h4 25. Rf1 h3+ 26. Kxh3 c5 27. Bg6+ Kd8 28. Rf8# 1-0

[Event "Sabato rapido!"]
[Site "Chess.com"]
[Date "2020.05.30"]
[Round "5"]
[White "OMatteoWuO"]
[Black "sergiodone"]
[Result "0-1"]
[WhiteElo "1230"]
[BlackElo "1433"]
[TimeControl "720+3"]
[EndTime "7:46:08 PDT"]
[Termination "sergiodone ha vinto per abbandono"]

1. d4 Nf6 2. c4 c5 3. d5 b5 4. b3 bxc4 5. bxc4 d6 6. Nc3 Nbd7 7.
Rb1 g6 8. Nf3 Bg7 9. Bd2 O-O 10.
e4 a6 11. Bd3 Qc7 12. O-O h5 13.
h3 Rb8 14. Qc2 h4 15. Nxh4 Ne5 16. Bf4 Nh5 17. Bxe5 Bxe5 18. Nf3 Bg7 19. g4 Nf4 20. Ne2 Nxd3 21. Qxd3 Bd7 22. Nh2 Rb4 23. f4 Rfb8 24. Nf3 Qa5 25. Rxb4 Rxb4 26. a3 Rb2 27. Ra1 Ba4 28.
e5 Rb3 29. Nc3 Qxc3 30. Qxc3 Rxc3 31. exd6 exd6 32. Ng5 Rxc4 0-1

[Event "Sabato rapido!"]
[Site "Chess.com"]
[Date "2020.05.30"]
[Round "5"]
[White "ottovolante"]
[Black "malberici"]
[Result "0-1"]
[WhiteElo "1004"]
[BlackElo "1348"]
[TimeControl "720+3"]
[EndTime "7:48:15 PDT"]
[Termination "malberici ha vinto per abbandono"]

1. e4 Nf6 2. e5 Nd5 3. Nf3 d6 4.
Bc4 e6 5. Bxd5 exd5 6. d4 Bg4 7. h3 Bh5 8. Nc3 dxe5 9. g4 Bg6 10. Nxe5 Nd7 11.
Nxg6 fxg6 12. O-O Be7 13. Re1 c6 14. Bg5 O-O 15. Bxe7 Qc7 16. Bxf8 Rxf8 17. Qe2 Nf6 18. Qe6+ Kh8 19. Qe3 b6 20. Qg3 Qd7 21. Re2 b5 22.
Rae1 b4 23. Nb1 Ne4 24. Rxe4 dxe4 25. Rxe4 c5 26. dxc5 Qd1+ 27. Kg2 Qxb1 28. Qe5 Qxc2 29. Qe8 Qxf2+ 30. Kh1 Kg8 31. Qe6+ Kh8 32. Re1 Qxb2 33. c6 Qf2 34. c7 Qf3+ 35. Kg1 Qg3+ 36. Kh1 Qxc7 37. Qe8 Kg8 38. Qe6+ Qf7 39. Qxf7+ Kxf7 40.
Rf1+ Ke7 41. Re1+ Kd6 42. Kg2 a5 43. Rd1+ Kc5 44. Rd7 h5 45. Rxg7 hxg4 46. Rxg6 gxh3+ 47. Kxh3 Rf3+ 48. Kg4 Ra3 49. Rg5+ Kb6 50. Kf4 Rxa2 51. Ke4 b3 52. Kd3 a4 53. Kc3 b2 54. Kc2 a3 55.
Kb1 Ra1+ 56. Kc2 b1=Q+ 57. Kc3 Qe1+ 0-1